 Dungeon Crawl Stone Soup version 0.28.0-45-g0d030f2227 (webtiles) character file.

Game seed: 16971894892745008210

54 MisterFreud the Covert (level 3, -8/35 HPs)
             Began as a Gnoll Delver on May 19, 2022.
             Mangled by an ice beast (13 damage)
             ... on level 5 of the Dungeon.
             The game lasted 00:01:29 (148 turns).

MisterFreud the Covert (Gnoll Delver)                Turns: 148, Time: 00:01:30

Health: -8/35      AC:  3    Str:  8 (11) XL:     3   Next: 91%
Magic:  4/4        EV: 12    Int:  8 (11) God:
Gold:   0          SH:  0    Dex: 12 (13) Spells: 4/4 levels left

rFire   . . .      SeeInvis .   h - +0 whip (elec)
rCold   . . .      Faith    .   (no shield)
rNeg    . . .      Spirit   .   b - +0 leather armour
rPois   .          Reflect  .   (no helmet)
rElec   .          Harm     .   (no cloak)
rCorr   .          Rampage  .   (no gloves)
Will    .....                   (no boots)
Stlth   ++++......              (no amulet)
HPRegen 0.11/turn               (no ring)
MPRegen 0.09/turn               (no ring)

@: no status effects
A: fangs 1, strong nose, distributed training
a: no special abilities


You were on level 5 of the Dungeon.
You visited 1 branch of the dungeon, and saw 2 of its levels.

Inventory:

Hand Weapons
 a - a +0 short sword
 h - a +0 whip of electrocution (weapon)
Armour
 b - a +0 leather armour (worn)
Jewellery
 e - the amulet "Ylocagh" {Faith Str+3}
   (You found it on level 5 of the Dungeon)

   [amulet of faith]

   It allows you to gain divine favour quickly.
   Str:       It affects your strength (+3).
Wands
 g - a wand of digging (3)
Scrolls
 c - a scroll of fog
 d - a scroll of magic mapping
 i - a scroll of silence {unknown}
 j - a scroll of teleportation {unknown}
 k - a scroll of identify {unknown}
Potions
 f - a potion of haste


   Skills:
 + Level 6.5 Fighting
 + Level 4.6 Short Blades
 + Level 1.0 Long Blades
 + Level 1.0 Axes
 + Level 1.0 Maces & Flails
 + Level 1.0 Polearms
 + Level 1.0 Staves
 + Level 1.0 Slings
 + Level 1.0 Bows
 + Level 1.0 Crossbows
 + Level 1.0 Throwing
 + Level 1.0 Armour
 + Level 4.6 Dodging
 + Level 9.6 Stealth
 + Level 1.0 Shields
 + Level 1.0 Unarmed Combat
 + Level 1.0 Spellcasting
 + Level 0.7 Conjurations
 + Level 0.7 Hexes
 + Level 0.7 Summonings
 + Level 0.7 Necromancy
 + Level 0.7 Translocations
 + Level 0.7 Transmutations
 + Level 0.7 Fire Magic
 + Level 0.7 Ice Magic
 + Level 0.7 Air Magic
 + Level 0.7 Earth Magic
 + Level 0.7 Poison Magic
 + Level 1.0 Invocations
 + Level 1.0 Evocations


You had 4 spell levels left.
You didn't know any spells.
Your spell library was empty.

Dungeon Overview and Level Annotations

Branches:
Dungeon (6/15)
 Temple: D:4-7

Altars:
Fedhas

Shops:
D:5 *


Innate Abilities, Weirdness & Mutations

You have very sharp teeth.
Your uncanny sense of smell can sniff out nearby items.
Your experience applies equally to all skills.


Message History

Your Polearms skill increases to level 1!
Your Staves skill increases to level 1!
Your Slings skill increases to level 1!
Your Bows skill increases to level 1!
Your Crossbows skill increases to level 1!
Your Throwing skill increases to level 1!
Your Armour skill increases to level 1!
Your Shields skill increases to level 1!
Your Unarmed Combat skill increases to level 1!
Your Spellcasting skill increases to level 1!
Your Invocations skill increases to level 1!
Your Evocations skill increases to level 1!
Unknown command.
i - a scroll labelled SESUNW WERGH
j - a scroll labelled ZEHIUKYXI
Found a scroll labelled ULO PEOCEHUE.
k - a scroll labelled ULO PEOCEHUE
Found a stone staircase leading up.
Found 2 scrolls labelled ULO PEOCEHUE and a scroll labelled XOAP DIOKULU.
An ice beast comes into view.
Okay, then.
Unknown command.
You closely miss the ice beast. The ice beast closely misses you.
You hit the ice beast but do no damage.
Lightning courses through the ice beast!
The ice beast is severely wounded.
The ice beast hits you. The ice beast freezes you!
You hit the ice beast.
You bite the ice beast, but do no damage.
The ice beast is severely wounded.
The ice beast hits you. The ice beast freezes you!
* * * LOW HITPOINT WARNING * * *
You hit the ice beast but do no damage.
The ice beast is severely wounded.
The ice beast closely misses you.
You hit the ice beast. Your bite misses the ice beast.
The ice beast is severely wounded.
The ice beast hits you.
* * * LOW HITPOINT WARNING * * *
The ice beast freezes you!
You die...

#.### #.# #...# #.
.. #. ∆ ###.###
#.## .. ..# #...#
..# .# #?..∆ ###.#
#.###<##?.# #.####
#...Y.#..# #....##
##....?..#
####..####.Y##...#
##....#..@..#
####...##### #..##
#......# #..###...
..## # #..# ..##
...


You could see an ice beast.

Vanquished Creatures
  A bullfrog skeleton (D:6)
  An iguana (D:5)
2 creatures vanquished.

Notes
Turn   | Place    | Note
-------+----------+-------------------------------------------
     0 | D:5      | Reached skill level 9 in Stealth
     0 | D:5      | MisterFreud the Gnoll Delver began the quest for the Orb.
     0 | D:5      | Reached XP level 1. HP: 23/23 MP: 1/1
     4 | D:5      | Found a blossoming altar of Fedhas.
    26 | D:6      | Noticed a water moccasin
    27 | D:6      | Reached XP level 2. HP: 26/29 MP: 2/2
    27 | D:6      | Reached XP level 3. HP: 31/35 MP: 3/3
    33 | D:5      | Found Ajua's Assorted Antiques.
    46 | D:5      | Noticed a water moccasin
    76 | D:5      | Identified the amulet "Ylocagh" {Faith Str+3}
    99 | D:5      | Reached skill level 1 in Long Blades
    99 | D:5      | Reached skill level 1 in Axes
    99 | D:5      | Reached skill level 1 in Maces & Flails
    99 | D:5      | Reached skill level 1 in Polearms
    99 | D:5      | Reached skill level 1 in Staves
    99 | D:5      | Reached skill level 1 in Slings
    99 | D:5      | Reached skill level 1 in Bows
    99 | D:5      | Reached skill level 1 in Crossbows
    99 | D:5      | Reached skill level 1 in Throwing
    99 | D:5      | Reached skill level 1 in Armour
    99 | D:5      | Reached skill level 1 in Shields
    99 | D:5      | Reached skill level 1 in Unarmed Combat
    99 | D:5      | Reached skill level 1 in Spellcasting
    99 | D:5      | Reached skill level 1 in Invocations
    99 | D:5      | Reached skill level 1 in Evocations
   138 | D:5      | Noticed an ice beast
   148 | D:5      | Mangled by an ice beast

Illustrated notes

Levels and vault maps discovered:
D:5:      layout_rooms, pf_just_have_faith, fedhas_bush_and_centaur_altar,
          nicolae_inconvenience_store
D:6:      layout_basic, minmay_temple_entry_ruins, fountainhead

Skill      XL: |  1  2  3 |
---------------+----------+-----
Stealth        | |  9.6
Long Blades    | 1 |  1.0
Axes           | 1 |  1.0
Maces & Flails | 1 |  1.0
Polearms       | 1 |  1.0
Staves         | 1 |  1.0
Slings         | 1 |  1.0
Bows           | 1 |  1.0
Crossbows      | 1 |  1.0
Throwing       | 1 |  1.0
Armour         | 1 |  1.0
Shields        | 1 |  1.0
Unarmed Combat | 1 |  1.0
Spellcasting   | 1 |  1.0
Invocations    | 1 |  1.0
Evocations     | 1 |  1.0
Fighting       | |  6.5
Short Blades   | |  4.6
Dodging        | |  4.6
Conjurations   | |  0.7
Hexes          | |  0.7
Summonings     | |  0.7
Necromancy     | |  0.7
Translocations | |  0.7
Transmutations | |  0.7
Fire Magic     | |  0.7
Ice Magic      | |  0.7
Air Magic      | |  0.7
Earth Magic    | |  0.7
Poison Magic   | |  0.7

Action                   || total
-------------------------++-------
Melee: Short sword       ||    13
       Bite              ||     2
       Whip              ||     8
  Use: Scroll            ||     1
       Potion            ||     1
Armor: Leather armour    ||     1
Dodge: Dodged            ||    13
